Description

2v2 - gateway expand

VOD

https://www.youtube.com/watch?v=uIyTLRYEb18

Build Order

Get SALT Encoding   

  14  0:18  Pylon  13 rally to your ramp
  16  0:40  Gateway  
  17  0:50  Assimilator  3 probes
  19  1:24  Nexus  to the natural
  19  1:34  Cybernetics Core  
  20  1:42  Assimilator  
  21  1:53  Pylon  use chronoboost on nexus
  23  2:12  Stalker   nexus 16/16 rally to 2nd nexus
Spawning Tool Build Advisor. Get it on Overwolf

Go to:

Details

  • Created by: plomkiolki
  • Published on: Oct 17, 2018
  • Modified on: Oct 17, 2018
  • Patch: 4.0.0
Show
View Real Time Build Order
Export as new Build Order

Comments (0)

There are no comments. Be the first!

Create an account to comment!